 Dungeon Crawl Stone Soup version 0.24-a0-183-g8902462 (console) character file.

Game seed: 5074452562312424958

581 Duffy the Insei (level 7, -4/45 HPs)
             Began as an Octopode Transmuter on Mar 15, 2019.
             Killed from afar by an orc wizard (6 damage)
             ... with a magic dart
             ... on level 4 of the Dungeon.
             The game lasted 00:03:36 (5261 turns).

Duffy the Insei (Octopode Transmuter)               Turns: 5261, Time: 00:03:37

Health: -4/45      AC:  2    Str: 10    XL:     7   Next: 36%
Magic:  10/12      EV: 22    Int: 17    God:
Gold:   173        SH:  0    Dex: 17    Spells: 7/13 levels left

rFire    . . .     SeeInvis .     - Unarmed
rCold    . . .     Gourm    .   (shield currently unavailable)
rNeg     . . .     Faith    .   (helmet currently unavailable)
rPois    x         Spirit   .   (no amulet)
rElec    .         Reflect  .   (no ring)
rCorr    .         Harm     .   (no ring)
MR       .....                  (no ring)
Stlth    ++........             (no ring)
HPRegen  0.15/turn              (no ring)
MPRegen  0.13/turn              (no ring)
                                (no ring)
                                (no ring)

@: spider-form, slowed, very slow
A: tiny, almost no armour, stealthy swim, (amphibious), 8 rings, (constrict 8)
a: End Transformation


You were on level 4 of the Dungeon.
You were not hungry.
You were a venomous arachnid creature.
You visited 1 branch of the dungeon, and saw 4 of its levels.

You collected 173 gold pieces.

Inventory:

Hand Weapons
 i - a +0 blowgun
Missiles
 a - 70 arrows
Jewellery
 d - a cursed +3 ring of evasion
Wands
 r - a wand of polymorph (10)
Scrolls
 b - a scroll of immolation {unknown}
 f - 2 scrolls of enchant weapon
 g - a scroll of fear {unknown}
 l - 4 scrolls of teleportation
 m - a scroll of fog {unknown}
 n - a scroll of remove curse
Potions
 e - a potion of degeneration {unknown}
 j - 2 potions of flight
 k - 3 potions of haste
 p - a potion of lignification {unknown}
Comestibles
 c - 7 rations


   Skills:
 - Level 2.8 Fighting
 + Level 3.8 Dodging
 + Level 4.4 Unarmed Combat
 + Level 3.6 Spellcasting
 + Level 3.8 Transmutations
 - Level 2.0 Poison Magic


You had 7 spell levels left.
You knew the following spells:

 Your Spells              Type           Power        Failure   Level  Hunger
h - Spider Form           Tmut/Pois      ##........   32%         3    ###....
j - Sticks to Snakes      Tmut           ###.....     14%         2    ##.....
k - Beastly Appendage     Tmut           ###...       11%         1    None

Your spell library contained the following spells:

 Spells                   Type           Power        Failure   Level  Hunger
 Ice Form                 Ice/Tmut       #.......     78%         4    ####...
 Blade Hands              Tmut           ###.......   85%         5    ######.


Dungeon Overview and Level Annotations

Branches:
Dungeon (4/15)
 Temple: D:4-7

Altars:
Makhleb
Trog

Annotations:
D:2 exclusions: 4 goblins and hobgoblin, Robin


Innate Abilities, Weirdness & Mutations

You cannot wear most types of armour.
You are very stealthy in the water. (Stealth+)
((You are amphibious.))
You can wear up to eight rings at the same time.
((You can use your tentacles to constrict eight enemies at once.))
((Your skin changes colour to match your surroundings (Stealth+).))
((Your rubbery body absorbs attacks. (AC +1, EV +1)))


Message History

You are too injured to fight recklessly!
You are too injured to fight recklessly!
You are too injured to fight recklessly!
You hit the orc priest.
The orc priest is severely wounded.
The orc priest mumbles some strange prayers to Beogh against you.
You struggle to resist.
The ball python skeleton closely misses you.
The ball python skeleton completely misses you.
The orc hits you with a +0 mace.
You hit the orc priest.
You kill the orc priest!
The ball python skeleton bites you. The ball python skeleton misses you.
The orc hits you with a +0 mace. The orc wizard misses you.
You barely miss the orc wizard.
The ball python skeleton completely misses you. x2
The orc misses you.
The orc wizard points at you and mumbles some strange words.
The magic dart hits you.
You die...

.... ...+ ...# ..#+######
... #......... ....
#......... ....
#.o)......
....###+########.sZ......
..................o...###
......................#
......................#
......................#
...##'##....####......#
...'...#....#..######...
...#...+....'.......#...
...#####....##'##...# ..


You could see an orc wizard, an orc and a ball python skeleton.

Vanquished Creatures
  Sigmund (D:4)
  An orc priest (D:4)
  Crazy Yiuf (D:2)
  Jessica (D:2)
  Natasha (thrice) (D:3)
  2 orc wizards
  2 worker ants
  A howler monkey zombie (D:2)
  6 adders
  6 worms
  5 dart slugs
  2 leopard geckos
  4 orcs
  A giant cockroach (D:1)
  9 goblins
  7 hobgoblins
  6 jackals
  6 kobolds
  A ball python (D:3)
  5 bats
  6 frilled lizards
  5 rats
  A fungus (D:2)
82 creatures vanquished.

Notes
Turn   | Place    | Note
-------+----------+-------------------------------------------
     0 | D:1      | Duffy the Octopode Transmuter began the quest for the Orb.
     0 | D:1      | Reached XP level 1. HP: 13/13 MP: 3/3
   309 | D:1      | Reached XP level 2. HP: 16/19 MP: 5/5
   313 | D:1      | Learned a level 2 spell: Sticks to Snakes
   861 | D:1      | Reached XP level 3. HP: 17/25 MP: 6/6
   866 | D:1      | Learned a level 3 spell: Spider Form
  1539 | D:2      | Reached skill level 1 in Poison Magic
  2011 | D:2      | Reached XP level 4. HP: 22/30 MP: 7/7
  2898 | D:2      | Noticed Jessica
  2909 | D:2      | Killed Jessica
  2909 | D:2      | Reached XP level 5. HP: 31/36 MP: 8/8
  2972 | D:2      | Found a burning altar of Makhleb.
  2993 | D:2      | Noticed Robin
  3143 | D:2      | Found a runed translucent door.
  3144 | D:2      | Noticed Crazy Yiuf
  3153 | D:2      | Killed Crazy Yiuf
  3493 | D:3      | Noticed Natasha
  3601 | D:3      | Killed Natasha
  3927 | D:3      | Noticed Natasha
  3985 | D:3      | Killed Natasha
  3985 | D:3      | Reached XP level 6. HP: 34/41 MP: 5/10
  4002 | D:3      | Found a bloodstained altar of Trog.
  4193 | D:3      | Noticed Natasha
  4201 | D:3      | Killed Natasha
  4698 | D:4      | Noticed Sigmund
  4732 | D:3      | Reached skill level 4 in Unarmed Combat
  5018 | D:4      | Killed Sigmund
  5018 | D:4      | Reached XP level 7. HP: 39/45 MP: 8/12
  5260 | D:4      | HP: 2/45 [orc/+0 mace (5)]
  5261 | D:4      | Killed from afar by an orc wizard

Levels and vault maps discovered:
D:1:      minmay_arrival_widening_spiral_narrow, layout_loops_corners
D:2:      layout_loops_ring, marbit_many_paths, uniq_robin,
          uniq_crazy_yiuf_cottage, uniq_jessica
D:3:      layout_loops_cross, trog_three_pillars_becter, uniq_natasha
D:4:      layout_gridville, first_ration, lemuel_old_faithful, uniq_sigmund

Skill      XL: |  1  2  3  4  5  6 |
---------------+-------------------+-----
Fighting       | 2 |  2.8
Poison Magic   | 2 |  2.0
Dodging        | 3 |  3.8
Transmutations | 3 |  3.8
Spellcasting   | 3 |  3.6
Unarmed Combat | 4 |  4.4

Action                   |  1- 3 |  4- 6 |  7- 9 || total
-------------------------+-------+-------+-------++-------
Melee: Unarmed           |    86 |   154 |    17 ||   257
       Constrict         |    22 |    28 |     2 ||    52
       Punch             |     4 |     1 |       ||     5
       Tentacles         |    11 |    22 |     1 ||    34
 Cast: Spider Form       |       |    10 |     1 ||    11
  Use: Scroll            |       |     7 |       ||     7
       Potion            |       |     2 |       ||     2
 Stab: Sleeping          |     5 |     6 |       ||    11
  Eat: Chunk             |     3 |    11 |     1 ||    15
Armor: Skin              |     6 |     8 |       ||    14
Dodge: Dodged            |    44 |   102 |    23 ||   169

Table legend:
 A = Non-vault XP
 B = Vault XP
 C = Vault XP percentage of total XP
 D = Non-vault monster count
 E = Vault monster count
 F = Vault count percentage of total count
                 A         B        C        D         E       F
            +---------+---------+-------+---------+---------+-------
      Total |     487 |     344 |  41.4 |      76 |       5 |   6.2
            +---------+---------+-------+---------+---------+-------
        D:1 |      36 |       0 |   0.0 |      18 |       0 |   0.0
        D:2 |     107 |      78 |  42.2 |      25 |       3 |  10.7
        D:3 |     205 |      35 |  14.6 |      24 |       1 |   4.0
        D:4 |     139 |     231 |  62.4 |       9 |       1 |  10.0
            +---------+---------+-------+---------+---------+-------
